 Dungeon Crawl Stone Soup version 0.30.0-11-gf55b779eaf (webtiles) character file.

Game seed: 7315078633646988166

53 Klatu the Chopper (level 3, -2/19 HPs)
             Began as a Vine Stalker Monk on May 16, 2023.
             Slain by a water moccasin (7 damage)
             ... on level 3 of the Dungeon.
             The game lasted 00:13:22 (2031 turns).

Klatu the Chopper (Vine Stalker Monk)               Turns: 2031, Time: 00:13:23

Health: -2/19      AC:  6    Str: 15    XL:     3   Next: 87%
Magic:  0/4        EV:  9    Int: 10    God:
Gold:   158        SH:  3    Dex: 16    Spells: 2/2 levels left

rFire   . . .        s - +0 dagger (elec)
rCold   . . .        m - +0 buckler
rNeg    . . .        t - +0 scale mail
rPois   +            (no helmet)
rElec   .            (no cloak)
rCorr   .            (no gloves)
SInv    .            (no boots)
Will    .....        o - amulet of regeneration Stlth
                     g - ring of poison resistance
HPRegen 1.03/turn    (no ring)
MPRegen 0.09/turn

%: guardian spirit
@: studying Summonings
A: fangs 2, magic shield, antimagic bite, no potion heal 2
a: no special abilities


You were on level 3 of the Dungeon.
You visited 1 branch of the dungeon, and saw 3 of its levels.

You collected 158 gold pieces.

Inventory:

Hand Weapons
 a - a +0 hand axe
 s - a +0 dagger of electrocution (weapon)
Armour
 b - a +0 robe
 d - an orb of light
 m - a +0 buckler (worn)
 t - a +0 scale mail (worn)
Jewellery
 g - a ring of poison resistance (left hand)
 o - an amulet of regeneration (around neck)
Scrolls
 e - 3 scrolls of identify
 l - a scroll of fear {unknown}
 n - a scroll of teleportation {unknown}
 p - a scroll of immolation {unknown}
 r - a scroll of enchant weapon {unknown}
 u - a scroll of enchant armour {unknown}
 w - a scroll of magic mapping {unknown}
Potions
 c - a potion of ambrosia
 f - 2 potions of resistance {unknown}
 h - 5 potions of mutation
 i - a potion of berserk rage {unknown}
 k - a potion of attraction {unknown}
 q - a potion of degeneration {unknown}
 v - a potion of flight {unknown}


   Skills:
 * Level 2.8 Fighting
 + Level 4.1 Axes
 - Level 2.4 Dodging


You had 2 spell levels left.
You didn't know any spells.
Your spell library was empty.

Dungeon Overview and Level Annotations

Branches:
Dungeon (3/15)

Altars:
Sif Muna

Shops:
D:1 (

Annotations:
D:3 exclusions: ball python and 2 more exclusions, Sigmund


Innate Abilities, Weirdness & Mutations

You have extremely sharp teeth.
When hurt, damage is shared between your health and your magic reserves.
Your bite disrupts and absorbs the magic of your enemies.
Potions cannot restore your health.


Message History

There is a stone staircase leading down here.
You climb downwards.
Level annotation: exclusions: ball python and 2 more exclusions, Sigmund
There is a stone staircase leading up here.
Found a stone staircase leading down.
u - a scroll labelled WEQAASOPAA You enter the shallow water.
Moving in this stuff is going to be slow.
You now have 158 gold pieces (gained 16).
v - a glowing blue potion
w - a scroll labelled NETUTS KEMOMN You enter the shallow water.
Moving in this stuff is going to be slow.
Found a leather armour.
You enter the shallow water.
Moving in this stuff is going to be slow.
A bat comes into view.
You closely miss the bat. Your bite misses the bat. The bat closely misses you.
The bat hits you but does no damage.
You hit the bat. Lightning courses through the bat!
You kill the bat!
A water moccasin comes into view.
The water moccasin hisses angrily.
As you read the scroll labelled NATUAH DUUNE, it crumbles to dust.
It is a scroll of identify.
h - 5 potions of mutation
As you read the scroll labelled NIREOLLODD, it crumbles to dust.
It is a scroll of amnesia.
You feel forgetful for a moment.
You hit the water moccasin.
The water moccasin is lightly wounded.
The water moccasin bites you! The water moccasin bites you.
You closely miss the water moccasin. Your bite misses the water moccasin.
The water moccasin is lightly wounded.
The water moccasin bites you.
* * * LOW HITPOINT WARNING * * *
You hit the water moccasin.
The water moccasin is lightly wounded.
The water moccasin bites you!
You die...

r......# .......####....
..#### ............ ..
.....# ............
..###.....# #
....<........ .........#
#
####'#.......##........#
#
.......................#
## .......
..##.....S.....# #.
....... .##....@## #.
....... ##......###
...#. ..##.##
#......#≈#### ..... ...
..
+.[....#≈#..##########
.... #
#.......~.#.#.#.......
.....
######..~.........####
#..~.....##......
#.#≈#....##.....#
#.#≈#....##.....#


You could see a water moccasin.

Vanquished Creatures
  2 worms
  A dart slug (D:1)
  2 ball pythons (D:1)
  8 bats
  5 endoplasms
  A giant cockroach (D:1)
  4 goblins
  3 hobgoblins (D:1)
  3 jackals
  A quokka (D:1)
  2 frilled lizards (D:1)
  4 kobolds
  4 rats
40 creatures vanquished.

Notes
Turn   | Place    | Note
-------+----------+-------------------------------------------
     0 | D:1      | Klatu the Vine Stalker Monk began the quest for the Orb.
     0 | D:1      | Reached XP level 1. HP: 11/11 MP: 2/2
    11 | D:1      | Found Kosm's Antique Weapon Shoppe.
    59 | D:1      | Reached skill level 3 in Axes
    92 | D:1      | Reached XP level 2. HP: 8/16 MP: 1/3
   621 | D:1      | Reached XP level 3. HP: 19/19 MP: 4/4
  1040 | D:2      | Found a shimmering blue altar of Sif Muna.
  1053 | D:2      | Reached skill level 4 in Axes
  1114 | D:2      | Found a faded altar of an unknown god.
  1521 | D:3      | Noticed Sigmund
  2026 | D:3      | Noticed a water moccasin
  2031 | D:3      | Slain by a water moccasin

Illustrated notes

Levels and vault maps discovered:
D:1:      ldierk_walled_garden_2, layout_loops_ring, serial_shops, shop,
          serial_bayou_lagoon_a, minivault_19, minmay_misc_feat_tiny,
          minmay_pentomino_u4
D:2:      layout_loops_ring, basic_altar, shapermc_ecumenical_altar_flowoftime
D:3:      minmay_recursive_quarters, layout_basic, mainiacjoe_overflow_paths,
          serial_rivers, chequers_serial_rivers_small_b,
          chequers_serial_rivers_micro_b, chequers_serial_rivers_micro_e,
          chequers_serial_rivers_micro_b, chequers_serial_rivers_small_b,
          chequers_serial_rivers_micro_a, uniq_sigmund

Skill      XL: |  1  2  3 |
---------------+----------+-----
Axes           | 3 4 |  4.1
Fighting       | |  2.8
Dodging        | |  2.4

Action                     || total
---------------------------++-------
  Melee: Hand axe          ||    86
         Bite              ||    29
         Dagger            ||    20
    Use: Scroll            ||     2
   Stab: Sleeping          ||     1
 Armour: Robe              ||    17
         Scale mail        ||     1
  Dodge: Dodged            ||    44
  Block: Buckler           ||     6
